 Dungeon Crawl Stone Soup version 0.27-a0-54-g64bdb92e38 (webtiles) character file.

Game seed: 10942052867180025789

69 runemasterragnar the Skirmisher (level 4, -2/50 HPs)
             Began as an Ogre Monk on Jan 8, 2021.
             Slain by a hobgoblin (6 damage)
             ... led by Robin
             ... on level 2 of the Dungeon.
             The game lasted 00:01:45 (1112 turns).

runemasterragnar the Skirmisher (Ogre Monk)         Turns: 1112, Time: 00:01:46

Health: -2/50      AC:  3    Str: 15    XL:     4   Next: 20%
Magic:  4/4        EV: 11    Int: 12    God:
Gold:   59         SH:  0    Dex: 11    Spells: 3/3 levels left

rFire    + . .     SeeInvis .   a - +0 mace
rCold    . . .     Faith    .   (no shield)
rNeg     . . .     Spirit   .   b - +0 robe
rPois    .         Reflect  .   (helmet restricted)
rElec    .         Harm     .   (no cloak)
rCorr    .         Rampage  .   (gloves unavailable)
Will     +....                  (boots unavailable)
Stlth    ++........             (no amulet)
HPRegen  0.16/turn              e - ring of protection from fire
MPRegen  0.09/turn              i - ring of willpower

@: mighty
A: large, unfitting armour, tough skin 1
a: no special abilities


You were on level 2 of the Dungeon.
You visited 1 branch of the dungeon, and saw 2 of its levels.

You collected 59 gold pieces.

Inventory:

Hand Weapons
 a - a +0 mace (weapon)
Armour
 b - a +0 robe (worn)
Jewellery
 e - a ring of protection from fire (left hand)
 i - a ring of willpower (right hand)
 j - an uncursed ring of protection from fire
Scrolls
 c - 2 scrolls of identify {unknown}
 d - 5 scrolls of remove curse {unknown}


   Skills:
 * Level 5.4 Fighting
 + Level 3.2 Maces & Flails
 + Level 3.2 Dodging
 - Level 1.4 Stealth


You had 3 spell levels left.
You didn't know any spells.
Your spell library contained the following spells:

 Spells                   Type           Power        Failure   Level
 Magic Dart               Conj           0%           32%         1
 Blink                    Tloc           N/A          45%         2
 Call Imp                 Summ           0%           45%         2
 Slow                     Hex            0%           45%         2
 Conjure Flame            Conj/Fire      0%           69%         3
 Mephitic Cloud           Conj/Pois/Air  0%           69%         3


Dungeon Overview and Level Annotations

Branches:
Dungeon (2/15)

Altars:


Innate Abilities, Weirdness & Mutations

You are too large for most types of armour.
You have tough skin. (AC +1)


Message History

The goblin hits you.
* * * LOW HITPOINT WARNING * * *
Robin roars a battlecry!
The goblins go into a battle-frenzy!
You hit Robin.
You kill Robin!
The hobgoblin closely misses you. x2; The goblin completely misses you.
The goblin misses you.
The hobgoblin hits you but does no damage.
The hobgoblin closely misses you. The goblin misses you.
Unknown command.
The hobgoblin hits you.
* * * LOW HITPOINT WARNING * * *
The hobgoblin closely misses you. The goblin hits you.
* * * LOW HITPOINT WARNING * * *
Items here: ! ) ? [[.
You sock the goblin!
You kill the goblin!
The hobgoblin hits you.
You die...

...# ###.#.....## ### ...#
#.#)##### ##.. ...# ###...##
#..# #..## #......# ###.## #..<#
####.##...# #..... ....#
###†...##.### #..... #.#.#
#.).####..# ####..... ....####
#.### ##.#######......##
#..[...###.#####@g........#..###
###............gg.#########..#
#.##.......!..)## #...#
#..#.........$.# #### #.#.#
#.....K.......$# ..... #...#
#.#..........(.#...... ..#.#
#.###....................#.#
#.#≈#.................
#.#≈####.....#........


You could see 2 hobgoblins and a goblin (strong).

Vanquished Creatures
  Robin (D:2)
  An adder (D:2)
  2 worms (D:2)
  2 dart slugs
  A leopard gecko (D:1)
  2 giant cockroaches (D:2)
  6 goblins (D:2)
  6 hobgoblins
  5 kobolds
  A quokka (D:2)
  2 ball pythons (D:2)
  5 bats
  5 rats
39 creatures vanquished.

Notes
Turn   | Place    | Note
-------+----------+-------------------------------------------
     0 | D:1      | runemasterragnar the Ogre Monk began the quest for the Orb.
     0 | D:1      | Reached XP level 1. HP: 24/24 MP: 1/1
   212 | D:1      | Reached XP level 2. HP: 31/33 MP: 2/2
   437 | D:2      | Reached XP level 3. HP: 34/41 MP: 3/3
   636 | D:2      | Reached skill level 5 in Fighting
   670 | D:2      | Noticed Robin
  1104 | D:2      | Reached XP level 4. HP: 23/50 MP: 4/4
  1110 | D:2      | Killed Robin
  1112 | D:2      | Slain by a hobgoblin

Illustrated notes

Levels and vault maps discovered:
D:1:      dpeg_arrival_lava_temple_mockup, layout_basic
D:2:      layout_rooms, lemuel_blue_sif_altar, chequers_serial_rivers_micro_a,
          uniq_robin

Skill      XL: |  1  2  3 |
---------------+----------+-----
Maces & Flails | 3 |  3.2
Dodging        | 3 |  3.2
Fighting       | 5 |  5.4
Stealth        | |  1.4

Action                   |  1- 3 |  4- 6 || total
-------------------------+-------+-------++-------
Melee: Mace              |   105 |     6 ||   111
  Use: Potion            |     3 |     1 ||     4
Armor: Robe              |    32 |    10 ||    42
Dodge: Dodged            |    93 |    16 ||   109

Table legend: (Time is in decaauts)
 A = Elapsed time spent in this place.
 B = Non-inter-level travel time spent in this place.
 C = Inter-level travel time spent in this place.
 D = Time resting spent in this place.
 E = Time spent auto-exploring this place.
 F = Levels seen in this place.
 G = Mean time per level.
                   A        B        C        D        E       F      G
               +--------+--------+--------+--------+--------+-----+--------+
         Total |   1139 |   1139 |      0 |     16 |    806 |   2 |  569.5 |
       Dungeon |   1139 |   1139 |      0 |     16 |    806 |   2 |  569.5 |
               +--------+--------+--------+--------+--------+-----+--------+

Top non-repeatable levels by time:
     D:2: 709 daAuts
     D:1: 430 daAuts
